 Dungeon Crawl Stone Soup version 0.26-a0-466-g989023bd0d (webtiles) character file.

Game seed: 3104986684712528856

67 1player the Grave Robber (level 4, 35/35 HPs)
             Began as a Human Necromancer on Aug 14, 2020.
             Quit the game on level 2 of the Dungeon.
             The game lasted 00:05:50 (1990 turns).

1player the Grave Robber (Human Necromancer)        Turns: 1990, Time: 00:05:51

Health: 35/35      AC:  5    Str:  8    XL:     4   Next: 38%
Magic:  7/7        EV: 12    Int: 17    God:
Gold:   82         SH:  0    Dex: 13    Spells: 5/7 levels left

rFire    . . .     SeeInvis .   (no weapon)
rCold    . . .     Faith    .   (no shield)
rNeg     . . .     Spirit   .   b - +2 robe {MR+}
rPois    .         Reflect  .   (no helmet)
rElec    .         Harm     .   (no cloak)
rCorr    .                      (no gloves)
MR       +....                  i - +0 pair of boots
Stlth    ++........             (no amulet)
HPRegen  0.11/turn              (no ring)
MPRegen  0.10/turn              (no ring)

@: no status effects
A: no striking features
a: no special abilities


You were on level 2 of the Dungeon.
You visited 1 branch of the dungeon, and saw 2 of its levels.

You collected 82 gold pieces.

Inventory:

Hand Weapons
 e - a cursed -1 mace
Armour
 b - a +2 robe of magic resistance (worn)
 i - a +0 pair of boots (worn)
Jewellery
 h - an uncursed ring of magical power {unknown}
Scrolls
 c - 4 scrolls of identify {@r1}
 f - a scroll of magic mapping {unknown}
 j - a scroll of amnesia {unknown}
 k - a scroll of teleportation {unknown}
Potions
 d - 2 potions of curing {unknown}
 g - a potion of mutation {unknown}


   Skills:
 + Level 3.5 Fighting
 - Level 2.0 Dodging
 - Level 2.0 Stealth
 - Level 2.0 Spellcasting
 * Level 4.1 Necromancy


You had 5 spell levels left.
You knew the following spells:

 Your Spells              Type           Power        Failure   Level
q - Pain                  Necr           ###.         3%          1
z - Animate Skeleton      Necr           ###...       3%          1

Your spell library contained the following spells:

 Spells                   Type           Power        Failure   Level
 Vampiric Draining        Necr           ###.......   11%         3
 Animate Dead             Necr           ###.......   34%         4
 Agony                    Necr           ###.....     69%         5


Dungeon Overview and Level Annotations

Branches:
Dungeon (2/15)

Altars:
Fedhas

Annotations:
D:2 Sigmund


Message History

Aiming: Pain (safe; 3% risk of failure)
Press: ? - help, Shift-Dir - straight line, f/p - adder
Aim: an adder (almost dead, chance to defeat MR: 80%)
The adder writhes in agony.
You kill the adder!
You feel sick.
You start resting.
You feel sick. x3
You are no longer poisoned.
You start resting.
Magic restored.
You start resting.
HP restored.
Found a plate armour.
k - a scroll labeled JOL RACHINKOSE You open the large door.
A frilled lizard, a hobgoblin, a kobold and Sigmund come into view.
Sigmund is wielding a +0 scythe and wearing a +2 robe of magic resistance.
Marking area around Sigmund as unsafe for travelling.
Are you sure you want to abandon this character and quit the game? (Confirm with "yes".)

....#.......#
....#.......#
............# #
...#........##
..
...#.........#
...
...#..###.##.##
.... ...##.#
#.##[.#### ...#
...##.#
#.###....#..#...
...##.# #.#
#...@'......
...##.# #.#
#....'......
...# #.#
##...#K.#.g.
#### #.#
#####.... .
..... #.l@. ##..
##


You could see Sigmund (asleep), a hobgoblin (asleep), a kobold (asleep) and a
frilled lizard (asleep).

Vanquished Creatures
  Natasha (D:2)
  A gnoll (D:1)
  An adder (D:2)
  2 dart slugs (D:1)
  2 giant cockroaches
  3 goblins (D:1)
  2 hobgoblins (D:1)
  2 jackals (D:2)
  A bat (D:2)
  2 frilled lizards
  2 kobolds (D:1)
  A rat (D:2)
  A fungus (D:1)
21 creatures vanquished.

Vanquished Creatures (collateral kills)
  A bat (D:1)
  A goblin (D:2)
  A kobold (D:1)
3 creatures vanquished.

Grand Total: 24 creatures vanquished

Notes
Turn   | Place    | Note
-------+----------+-------------------------------------------
     0 | D:1      | 1player the Human Necromancer began the quest for the Orb.
     0 | D:1      | Reached XP level 1. HP: 13/13 MP: 3/3
     2 | D:1      | Learned a level 1 spell: Animate Skeleton
   418 | D:1      | Reached skill level 1 in Fighting
   494 | D:1      | Reached XP level 2. HP: 20/21 MP: 1/5
   749 | D:1      | Reached XP level 3. HP: 26/28 MP: 2/6
  1402 | D:2      | Found a blossoming altar of Fedhas.
  1429 | D:2      | Noticed Natasha
  1443 | D:2      | Killed Natasha
  1443 | D:2      | Reached XP level 4. HP: 15/35 MP: 2/7
  1709 | D:2      | Found a blossoming altar of Fedhas.
  1989 | D:2      | Noticed Sigmund
  1990 | D:2      | Quit the game

Illustrated notes

Levels and vault maps discovered:
D:1:      dpeg_arrival_water_fire, layout_loops_ring
D:2:      layout_basic, minmay_overflow_temple_hex,
          nicolae_overflow_crystal_walls, fedhas_altar_3, uniq_natasha,
          uniq_sigmund

Skill      XL: |  1  2  3 |
---------------+----------+-----
Fighting       | 1 2 3 |  3.5
Dodging        | |  2.0
Stealth        | |  2.0
Spellcasting   | |  2.0
Necromancy     | |  4.1

Action                   |  1- 3 |  4- 6 || total
-------------------------+-------+-------++-------
Melee: Unarmed           |    34 |       ||    34
 Cast: Pain              |    35 |     9 ||    44
       Animate Skeleton  |     9 |     2 ||    11
  Use: Scroll            |       |     1 ||     1
Armor: Robe              |     3 |     1 ||     4
Dodge: Dodged            |     4 |     3 ||     7

Table legend: (Time is in decaauts)
 A = Elapsed time spent in this place.
 B = Non-inter-level travel time spent in this place.
 C = Inter-level travel time spent in this place.
 D = Time resting spent in this place.
 E = Time spent auto-exploring this place.
 F = Levels seen in this place.
 G = Mean time per level.
                   A        B        C        D        E       F      G
               +--------+--------+--------+--------+--------+-----+--------+
         Total |   1998 |   1946 |     52 |    634 |    733 |   2 |  999.0 |
       Dungeon |   1998 |   1946 |     52 |    634 |    733 |   2 |  999.0 |
               +--------+--------+--------+--------+--------+-----+--------+

Top non-repeatable levels by time:
     D:1: 1460 daAuts
     D:2: 537 daAuts
